 Dungeon Crawl Stone Soup version 0.27.1-3-gb3d3a73c9e (webtiles) character file.

Game seed: 338579917138921621

1600 cdecastro the Cleaver (level 8, 0/79 HPs)
             Began as a Hill Orc Fighter on Oct 8, 2021.
             Was an Elder of Okawaru.
             Slain by a manticore (1 damage)
             ... on level 6 of the Dungeon.
             The game lasted 00:09:20 (5609 turns).

cdecastro the Cleaver (Hill Orc Fighter)            Turns: 5609, Time: 00:09:20

Health: 0/79       AC: 12    Str: 21    XL:     8   Next: 94%
Magic:  6/9        EV:  9    Int:  8    God:    Okawaru [****..]
Gold:   203        SH:  0    Dex: 10    Spells: 7/7 levels left

rFire    + . .     SeeInvis .   a - +0 war axe
rCold    + . .     Faith    +   (no shield)
rNeg     . . .     Spirit   .   q - +0 chain mail
rPois    .         Reflect  .   (no helmet)
rElec    .         Harm     .   g - scarf {rC+ rF+}
rCorr    +         Rampage  .   (no gloves)
Will     .....                  e - +0 pair of boots
Stlth    ..........             y - amulet of faith
HPRegen  0.23/turn              m - ring of flight
MPRegen  0.11/turn              r - ring of resist corrosion

@: mighty, heroic, spiked, flying
A: no striking features
a: Renounce Religion, Heroism


You were on level 6 of the Dungeon.
You worshipped Okawaru.
Okawaru was greatly pleased with you.
You visited 2 branches of the dungeon, and saw 7 of its levels.

You collected 203 gold pieces.

Inventory:

Hand Weapons
 a - a +0 war axe (weapon)
Missiles
 i - a throwing net
Armour
 e - a +0 pair of boots (worn)
 g - a scarf of resistance (worn)
 k - a +0 scale mail of fire resistance
 q - a +0 chain mail (worn)
Jewellery
 m - a ring of flight (left hand)
 r - a ring of resist corrosion (right hand)
 y - an amulet of faith (around neck)
Wands
 v - a wand of flame (13)
Scrolls
 b - a scroll of torment {unknown}
 c - 3 scrolls of identify {unknown}
 h - 2 scrolls of teleportation {unknown}
 j - a scroll of fear {unknown}
 l - a scroll of blinking {unknown}
 s - a scroll of immolation {unknown}
 u - a scroll of enchant armour {unknown}
 w - 2 scrolls of magic mapping {unknown}
 A - a scroll of summoning {unknown}
 B - a scroll of holy word {unknown}
Potions
 d - a potion of might
 f - a potion of invisibility {unknown}
 n - 2 potions of brilliance {unknown}
 o - a potion of heal wounds {unknown}
 p - 2 potions of berserk rage {unknown}
 t - a potion of curing {unknown}
 x - a potion of flight {unknown}
 z - a potion of ambrosia {unknown}


   Skills:
 - Level 10.0(15.0) Fighting
 - Level 10.0(15.0) Axes
 + Level 3.5(8.5) Armour
 - Level 3.2(8.2) Shields
 - Level 2.0 Invocations


You had 7 spell levels left.
You didn't know any spells.
Your spell library contained the following spells:

 Spells                   Type           Power      Damage    Failure   Level
 Sting                    Tmut/Pois      0%         1d3       97%         1
 Poisonous Vapours        Pois/Air       0%         N/A       99%         2
 Static Discharge         Conj/Air       0%         N/A       99%         2
 Olgreb's Toxic Radiance  Pois           0%         N/A       100%        4
 Lightning Bolt           Conj/Air       0%         1d11      100%        5
 Maxwell's Capacitive Co  Air            0%         ∞         100%        8


Dungeon Overview and Level Annotations

Branches:
Dungeon (6/15)             Temple (1/1) D:4

Altars:
Cheibriados
Dithmenos
Elyvilon
Fedhas
Hepliaklqana
Kikubaaqudgha
Makhleb
Okawaru
Qazlal
Ru
Sif Muna
Uskayaw
Wu Jian
Xom
Yredelemnul
Zin
The Shining One

Annotations:
D:4 1 runed translucent door


Message History

* * * LOW HITPOINT WARNING * * *
You hit the manticore but do no damage.
The manticore is moderately wounded.
You hit the manticore but do no damage.
The manticore is moderately wounded.
The manticore bites you but does no damage.
The manticore closely misses you. x2
Your chain mail prevents you from hitting the manticore.
The manticore is moderately wounded.
You feel like a meek peon again. The manticore bites you!
* * * LOW HITPOINT WARNING * * *
The manticore claws you.
* * * LOW HITPOINT WARNING * * *
The manticore claws you.
* * * LOW HITPOINT WARNING * * *
You gain the combat prowess of a mighty hero.
The manticore closely misses you. The manticore claws you!
* * * LOW HITPOINT WARNING * * *
The manticore claws you!
* * * LOW HITPOINT WARNING * * *
Unknown command.
You completely miss the manticore.
The manticore is moderately wounded.
The manticore bites you.
* * * LOW HITPOINT WARNING * * *
The manticore claws you but does no damage. x2
Okay, then.
Unknown command.
You barely miss the manticore.
The manticore is moderately wounded.
You slice the manticore!!
The manticore is severely wounded.
The manticore barely misses you. The manticore claws you.
* * * LOW HITPOINT WARNING * * *
The manticore claws you but does no damage.
You slash the manticore!
The manticore is almost dead.
The manticore barely misses you. The manticore claws you.
You die...

## ...... ..
_...... .#
....... #.#
....... ..
....... .#.......
#.#...... #.H#
##@## ##.#####
#.....########
#............####
#................
#..#............†
#.######.........
### ########..
###


You could see a manticore.

Vanquished Creatures
  Pikel (D:4)
  A water moccasin (D:5)
  A black bear (D:6)
  An orc warrior (D:4)
  2 ogres
  2 phantoms
  2 lemures (D:4)
  A howler monkey (D:5)
  A centaur zombie (D:6)
  2 hounds
  A bullfrog skeleton (D:5)
  Jessica (D:2)
  2 iguanas (D:5)
  Ijyb (D:4)
  Terence (D:2)
  2 orc wizards
  Natasha (twice) (D:2)
  6 adders
  4 gnolls
  A worm (D:2)
  4 dart slugs
  11 orcs
  7 endoplasms
  4 giant cockroaches
  5 goblins
  11 hobgoblins
  3 jackals (D:1)
  7 kobolds
  A quokka (D:2)
  4 ball pythons
  3 bats
  4 frilled lizards
  A jackal skeleton (D:4)
  A jackal zombie (D:4)
  4 rats
105 creatures vanquished.

Notes
Turn   | Place    | Note
-------+----------+-------------------------------------------
     0 | D:1      | cdecastro the Hill Orc Fighter began the quest for the Orb.
     0 | D:1      | Reached XP level 1. HP: 19/19 MP: 1/1
   157 | D:1      | Reached XP level 2. HP: 24/26 MP: 2/2
   955 | D:2      | Reached XP level 3. HP: 31/31 MP: 3/3
  1280 | D:1      | Reached skill level 5 in Axes
  1398 | D:2      | Reached XP level 4. HP: 38/39 MP: 4/4
  1445 | D:2      | Found a faded altar of an unknown god.
  1470 | D:2      | Became a worshipper of Warmaster Okawaru
  1470 | D:2      | Reached * piety under Okawaru
  1787 | D:2      | Noticed Terence
  1787 | D:2      | Noticed Jessica
  1804 | D:2      | Killed Terence
  1813 | D:2      | Killed Jessica
  1814 | D:2      | Reached XP level 5. HP: 25/45 MP: 4/6
  2020 | D:2      | Noticed Natasha
  2037 | D:2      | Killed Natasha
  2313 | D:2      | Noticed Natasha
  2322 | D:2      | Killed Natasha
  2339 | D:2      | Found a shimmering altar of Xom.
  2609 | D:3      | Reached XP level 6. HP: 51/51 MP: 7/7
  3413 | D:4      | Found a snail-covered altar of Cheibriados.
  3480 | D:4      | Found a staircase to the Ecumenical Temple.
  3505 | D:4      | Noticed Ijyb
  3533 | D:4      | Killed Ijyb
  3533 | D:4      | Reached ** piety under Okawaru
  3613 | D:4      | Noticed an orc warrior
  3644 | D:4      | Killed an orc warrior
  3645 | D:4      | Reached XP level 7. HP: 12/52 MP: 6/8
  3922 | Temple   | Entered the Ecumenical Temple
  4358 | D:4      | Found a runed translucent door.
  4358 | D:4      | Noticed a human
  4367 | D:4      | Found a basalt altar of Yredelemnul.
  4517 | D:4      | Reached skill level 10 in Axes
  4675 | D:4      | Found a shimmering blue altar of Sif Muna.
  4896 | D:4      | Noticed Pikel
  4911 | D:4      | Killed Pikel
  4911 | D:4      | Reached *** piety under Okawaru
  4912 | D:4      | Reached XP level 8. HP: 58/73 MP: 7/9
  5075 | D:5      | Entered Level 5 of the Dungeon
  5391 | D:5      | Reached **** piety under Okawaru
  5590 | D:6      | Found a white marble altar of Elyvilon.
  5590 | D:6      | Noticed a manticore
  5598 | D:6      | Reached skill level 10 in Fighting
  5608 | D:6      | HP: 1/79 [manticore (5)]
  5609 | D:6      | Slain by a manticore

Illustrated notes

Levels and vault maps discovered:
D:1:      psy_arrival_conway, layout_rooms, minivault_26
D:2:      minmay_evil_eye, layout_basic, basic_altar,
          hellmonk_ecumenical_altar_pennies_from_heaven, kennysheep_cross_room,
          uniq_jessica, uniq_terence, uniq_natasha
D:3:      layout_basic
D:4:      layout_basic, dk_yredelemnul_ordeal, mainiacjoe_overflow_24_doors,
          lemuel_tele_altar, minmay_temple_entry_offerings, chequers_arboretum,
          hangedman_abyss_or_decor_lesser_grid, hangedman_decor_slide_cut,
          uniq_pikel, uniq_ijyb
D:5:      layout_cave_pools, lemuel_round_altar, mainiacjoe_overflow_brackets
D:6:      layout_cave_pods, overflow_temple_1_default, grunt_ashenzari_visionary
          [grunt_ashenzari_visionary_shoals, grunt_ashenzari_visionary_spider],
          nicolae_ossuary_entry_ruins, serial_bayou_crossing
Temple:   oiseaux_autumnal_temple

Skill      XL: |  1  2  3  4  5  6  7  8 |
---------------+-------------------------+-----
Axes           | 3 4 5 6 7 9 10 | 10.0
Invocations    | 2 |  2.0
Fighting       | 7 10 | 10.0
Armour         | |  3.5
Shields        | |  3.2

Action                   |  1- 3 |  4- 6 |  7- 9 || total
-------------------------+-------+-------+-------++-------
Melee: War axe           |    77 |   159 |   129 ||   365
       Punch             |       |       |     1 ||     1
Invok: Heroism           |       |     4 |     6 ||    10
  Use: Potion            |       |     1 |     1 ||     2
Armor: Scale mail        |    43 |    45 |       ||    88
       Chain mail        |       |    25 |    48 ||    73
Dodge: Dodged            |    49 |    68 |    57 ||   174
